 Dungeon Crawl Stone Soup version 0.26.0-45-g9c1d065592 (webtiles) character file.

Game seed: 16521847314836208710

(classic levelgen) 30 thiole the Stinger (level 3, -12/21 HPs)
             Began as an Octopode Venom Mage on Jan 30, 2021.
             Killed from afar by Sigmund (15 damage)
             ... with a puff of flame
             ... on level 2 of the Dungeon.
             The game lasted 00:01:34 (1376 turns).

thiole the Stinger (Octopode Venom Mage)            Turns: 1376, Time: 00:01:35

Health: -12/21     AC:  1    Str:  7    XL:     3   Next: 18%
Magic:  0/6        EV: 13    Int: 18    God:
Gold:   105        SH:  0    Dex: 12    Spells: 5/6 levels left

rFire    x . .     SeeInvis .   (no weapon)
rCold    + . .     Faith    .   (no shield)
rNeg     . . .     Spirit   .   (helmet restricted)
rPois    .         Reflect  .   (no amulet)
rElec    .         Harm     .   b - ring of ice
rCorr    .         Rampage  .   c - ring of attention (curse)
Will     .....                  (no ring)
Stlth    ++........             (no ring)
HPRegen  0.07/turn              (no ring)
MPRegen  0.10/turn              (no ring)
                                (no ring)
                                (no ring)

@: no status effects
A: almost no armour, stealthy swim, amphibious, 8 rings, constrict 8, camouflage
1, gelatinous body 1
a: no special abilities


You were on level 2 of the Dungeon.
You visited 1 branch of the dungeon, and saw 2 of its levels.

You collected 105 gold pieces.

Inventory:

Jewellery
 b - a ring of ice (left tentacle)
 c - a cursed ring of attention (right tentacle)
Potions
 e - a potion of mutation {unknown}


   Skills:
 - Level 2.0 Dodging
 + Level 3.1 Stealth
 - Level 2.0 Spellcasting
 - Level 1.0 Transmutations
 - Level 5.0 Poison Magic


You had 5 spell levels left.
You knew the following spells:

 Your Spells              Type           Power        Failure   Level
a - Sting                 Tmut/Pois      48%          5%          1

Your spell library contained the following spells:

 Spells                   Type           Power        Failure   Level
 Poisonous Vapours        Pois/Air       20%          10%         2
 Olgreb's Toxic Radiance  Pois           19%          22%         4
 Ignite Poison            Fire/Tmut/Pois 9%           24%         3
 Mephitic Cloud           Conj/Pois/Air  7%           28%         3


Dungeon Overview and Level Annotations

Branches:
Dungeon (2/15)

Altars:

Annotations:
D:2 Sigmund


Innate Abilities, Weirdness & Mutations

You cannot wear most types of armour.
You are very stealthy in the water. (Stealth+)
You are amphibious.
You can wear up to eight rings at the same time.
You can use your tentacles to constrict eight enemies at once.
Your skin changes colour to match your surroundings (Stealth+).
Your rubbery body absorbs attacks. (AC +1, EV +1)


Message History

Aiming: Sting (safe; 5% risk of failure)
Press: ? - help, Shift-Dir - straight line, f/p - Sigmund
Aim: Sigmund, wielding a +0 scythe and wearing a +0 robe (severely wounded, poisoned, 32% to evade)
The sting hits Sigmund.
Sigmund looks even sicker.
Sigmund is almost dead.
Sigmund casts a spell at you. The magic dart hits you!
Casting: Sting (safe; 5% risk of failure)
Confirm with . or Enter, or press ? or * to list all spells.
Aiming: Sting (safe; 5% risk of failure)
Press: ? - help, Shift-Dir - straight line, f/p - Sigmund
Aim: Sigmund, wielding a +0 scythe and wearing a +0 robe (almost dead, very poisoned, 32% to evade)
The sting misses Sigmund.
Sigmund hits you from afar with a +0 scythe.
* * * LOW HITPOINT WARNING * * *
It was a potion of cancellation.
You feel magically purged. Sigmund casts a spell at you.
The puff of flame hits you! The fire burns you terribly!
Ouch! That really hurt!
You die...

#.##.....###.## #...#
#.##.#.### #.# ##.## #.##.#.#
#.# #.# #......#####.## #.#
####..........## #.#
####.#####.....## #.## #....#
##.......## #..##
##...####.........####...##
####.......+.@.......+.......†
#.........##.........####...##
#......##.###..@....## #....#
#..###.##.# ##.....## ####.#
#..# #.##.# ##.(.## #>#
#..###.##[# ##'## #.#
#......##.# #.# #.#
#.........######.# #.#
####.#####.......#### #.#


You could see Sigmund (poisoned).

Vanquished Creatures
  An ooze (D:1)
  A leopard gecko (D:1)
  4 bats
  A giant cockroach (D:2)
  3 goblins
  4 jackals (D:2)
  A quokka (D:2)
  4 kobolds
  3 rats
22 creatures vanquished.

Notes
Turn   | Place    | Note
-------+----------+-------------------------------------------
     0 | D:1      | thiole the Octopode Venom Mage began the quest for the Orb.
     0 | D:1      | Reached XP level 1. HP: 11/11 MP: 3/3
   291 | D:1      | Reached skill level 4 in Poison Magic
   472 | D:1      | Reached XP level 2. HP: 14/17 MP: 1/5
  1156 | D:2      | Reached skill level 5 in Poison Magic
  1156 | D:2      | Reached XP level 3. HP: 16/21 MP: 2/6
  1351 | D:2      | Noticed Sigmund
  1376 | D:2      | Killed from afar by Sigmund

Illustrated notes

Levels and vault maps discovered:
D:1:      elethiomel_arrival_maze, layout_loops_ring
D:2:      layout_loops_corners, riverfiend_overflow_shadow_ancestor,
          minmay_goblin_kobold_house, uniq_terence, uniq_sigmund

Skill      XL: |  1  2  3 |
---------------+----------+-----
Poison Magic   | 4 5 |  5.0
Stealth        | 3 |  3.1
Dodging        | |  2.0
Spellcasting   | |  2.0
Transmutations | |  1.0

Action                   || total
-------------------------++-------
Melee: Unarmed           ||    18
       Constrict         ||     7
       Tentacles         ||     5
 Cast: Sting             ||    39
  Use: Scroll            ||     1
       Potion            ||     2
Dodge: Dodged            ||    25
